 Dungeon Crawl Stone Soup version 0.30.0-29-ga12c61a403 (webtiles) character file.

Game seed: 2876306082346785073

22 booth the Conjurer (level 2, -2/22 HPs)
             Began as a Demonspawn Reaver on June 23, 2023.
             Slain by a worm (6 damage)
             ... on level 2 of the Dungeon.
             The game lasted 00:06:00 (1338 turns).

booth the Conjurer (Demonspawn Reaver)              Turns: 1338, Time: 00:06:00

Health: -2/22      AC:  3    Str: 12    XL:     2   Next: 68%
Magic:  5/5        EV: 11    Int: 14    God:
Gold:   83         SH:  0    Dex: 11    Spells: 2/5 levels left

rFire   . . .        a - +0 hand axe
rCold   . . .        (no shield)
rNeg    . . .        b - +0 leather armour
rPois   .            (no helmet)
rElec   .            (no cloak)
rCorr   .            (no gloves)
SInv    .            (no boots)
Will    .....        (no amulet)
Stlth   +            (no ring)
HPRegen 0.23/turn    (no ring)
MPRegen 0.09/turn

%: no passive effects
@: no status effects
A: powered by death 1
a: no special abilities


You were on level 2 of the Dungeon.
You visited 1 branch of the dungeon, and saw 2 of its levels.

You collected 83 gold pieces.

Inventory:

Hand Weapons
 a - a +0 hand axe (weapon)
 l - a +0 mace
Missiles
 d - 11 poisoned darts (quivered)
 i - 5 javelins
Armour
 b - a +0 leather armour (worn)
 o - the +7 scale mail of the Saviour {Str+3}
   (You found it on level 2 of the Dungeon)

   Str:       It affects your strength (+3).
Scrolls
 e - a scroll of blinking {unknown}
 f - a scroll of magic mapping
 k - a scroll of teleportation {unknown}
 m - a scroll of fog {unknown}
Potions
 c - 2 potions of curing
 g - a potion of flight
 h - a potion of might {unknown}
 j - a potion of attraction {unknown}
 n - a potion of mutation {unknown}


   Skills:
 + Level 2.2 Fighting
 + Level 2.9 Axes
 + Level 2.0 Dodging
 + Level 2.2 Spellcasting
 + Level 3.2 Conjurations


You had 2 spell levels left.
You knew the following spells:

 Your Spells              Type           Power      Damage    Failure   Level
a - Kiss of Death         Conj/Necr      24%        2d7       16%         1
b - Momentum Strike       Conj/Tloc      12%        3d8       22%         2

Your spell library contained the following spells:

 Spells                   Type           Power      Damage    Failure   Level
 Hailstorm                Conj/Ice       6%         3d4       41%         3


Dungeon Overview and Level Annotations

Branches:
Dungeon (2/15)

Altars:


Innate Abilities, Weirdness & Mutations

You regenerate a little health from kills.


Message History

You kill the bat!
You see here a bat corpse.
You see here a +0 sling.
You see here a +0 mace.
There is a stone staircase leading up here.
A dart slug comes into view.
You see here a scroll labelled DOUWAMA ZEHIM.
You hit the dart slug.
The dart slug is heavily wounded.
You hit the fungus.
The fungus begins to die.
The dart slug launches a dart at you.
The slug dart hits you but does no damage.
You hit the dart slug.
The dart slug is severely wounded.
You hit the fungus. You hit the dart slug but do no damage.
The dart slug is severely wounded.
You hit the fungus. The dart slug barely misses you.
You slash the dart slug!
You kill the dart slug!
You hit the fungus.
A nearby fungus withers and dies.
You hit the worm.
The worm is lightly wounded.
The worm bites you.
You barely miss the worm.
The worm is lightly wounded.
You hit the worm but do no damage.
The worm is lightly wounded.
The worm bites you!
You barely miss the worm. The worm closely misses you.
You hit the worm.
The worm is lightly wounded.
You barely miss the worm.
The worm is lightly wounded.
The worm bites you.
* * * LOW HITPOINT WARNING * * *
You hit the worm but do no damage.
The worm is lightly wounded.
The worm bites you.
You die...

#####..<............########
#<........###....##.#
#.###.##....).....#... #.#
#.....~⌠~~~⌠⌠.#####
#.###.###.~.....~.#
#..(...##.~.###P~.#
#..###.##.⌠.# #P⌠.# #..#
#.##.⌠w# #P~.#
#..###.....@#P#.~.#
#...####..~?†...⌠.# ##..#
##.⌠.~~⌠⌠~.# #..#
#.........# #..# ######.####
#..# .# #..####### #
#........# # #.######)####.#


You could see a worm.

Vanquished Creatures
  2 dart slugs (D:2)
  2 bats
  An endoplasm (D:2)
  A giant cockroach (D:2)
  3 hobgoblins
  A quokka (D:2)
  A ball python (D:2)
  2 frilled lizards
  2 goblins
  2 kobolds
17 creatures vanquished.

Notes
Turn   | Place    | Note
-------+----------+-------------------------------------------
     0 | D:1      | booth the Demonspawn Reaver began the quest for the Orb.
     0 | D:1      | Reached XP level 1. HP: 16/16 MP: 3/3
   872 | D:2      | Gained mutation: You regenerate a little health from kills.
                  | [demonic ancestry]
   872 | D:2      | Reached XP level 2. HP: 22/22 MP: 5/5
  1060 | D:2      | Learned a level 2 spell: Momentum Strike
  1264 | D:2      | Identified the +7 scale mail of the Saviour {Str+3}
  1338 | D:2      | Slain by a worm

Illustrated notes

Levels and vault maps discovered:
D:1:      dpeg_arrival_signposts, layout_basic, minmay_misc_feat_alley,
          minmay_splitting_lines
D:2:      layout_loops_ring, shapermc_ecumenical_altar_acropolis, basic_altar,
          kennysheep_generic_room_3, uniq_sigmund

Skill      XL: |  1  2 |
---------------+-------+-----
Dodging        | 2 |  2.0
Fighting       | |  2.2
Axes           | |  2.9
Spellcasting   | |  2.2
Conjurations   | |  3.2

Action                     || total
---------------------------++-------
  Melee: Hand axe          ||    74
    Use: Scroll            ||     3
 Armour: Leather armour    ||    27
  Dodge: Dodged            ||    42
